 Dungeon Crawl Stone Soup version 0.29.1-15-g9cfb28693d (webtiles) character file.

Game seed: 12196129552496008454

81 Alturiack the Stinger (level 4, 0/21 HPs)
             Began as a Spriggan Venom Mage on Apr 11, 2023.
             Slain by Grinder (6 damage)
             ... on level 3 of the Dungeon.
             The game lasted 00:08:53 (2527 turns).

Alturiack the Stinger (Spriggan Venom Mage)         Turns: 2527, Time: 00:08:53

Health: 0/21       AC:  4    Str:  4    XL:     4   Next: 20%
Magic:  7/10       EV: 18    Int: 18    God:
Gold:   64         SH:  0    Dex: 15    Spells: 9/10 levels left

rFire   . . .      SeeInvis +   n - +0 sling
rCold   . . .      Faith    .   (no shield)
rNeg    . . .      Spirit   .   a - +0 robe
rPois   .          Reflect  .   (helmet restricted)
rElec   .          Harm     .   k - +1 cloak
rCorr   .          Rampage  .   (gloves unavailable)
Will    .....                   (boots unavailable)
Stlth   ++........              (no amulet)
HPRegen 0.07/turn               (no ring)
MPRegen 0.12/turn               (no ring)

@: very quick
A: very small, no large weapons, unfitting armour, see invisible, speed 3
a: no special abilities


You were on level 3 of the Dungeon.
You visited 1 branch of the dungeon, and saw 3 of its levels.

You collected 64 gold pieces.

Inventory:

Hand Weapons
 n - a +0 sling (weapon)
Armour
 a - a +0 robe (worn)
 k - a +1 cloak (worn)
Scrolls
 c - 6 scrolls of teleportation {unknown}
 d - a scroll of blinking {unknown}
 g - a scroll of immolation {unknown}
 h - 2 scrolls of enchant armour {unknown}
 i - a scroll of magic mapping {unknown}
 j - a scroll of vulnerability {unknown}
 l - a scroll of butterflies {unknown}
Potions
 b - a potion of magic
 e - 2 potions of flight {unknown}
 f - a potion of curing {unknown}
 m - a potion of mutation {unknown}
 o - a potion of lignification {unknown}
 p - a potion of heal wounds {unknown}


   Skills:
 + Level 0.8 Ranged Weapons
 + Level 3.6 Dodging
 - Level 3.0 Stealth
 + Level 3.5 Spellcasting
 - Level 1.3 Transmutations
 * Level 4.1 Poison Magic


You had 9 spell levels left.
You knew the following spells:

 Your Spells              Type           Power      Damage    Failure   Level
a - Sting                 Tmut/Pois      52%        1d5       4%          1

Your spell library contained the following spells:

 Spells                   Type           Power      Damage    Failure   Level
 Poisonous Vapours        Pois/Air       20%        N/A       10%         2
 Mephitic Cloud           Conj/Pois/Air  8%         N/A       26%         3
 Olgreb's Toxic Radiance  Pois           18%        N/A       28%         4


Dungeon Overview and Level Annotations

Branches:
Dungeon (3/15)

Altars:

Annotations:
D:3 Grinder


Innate Abilities, Weirdness & Mutations

You are very small and have problems with some larger weapons.
You are too small for most types of armour.
You have supernaturally acute eyesight. (SInv)
You cover ground extremely quickly. (Speed+++)


Message History

Casting: Sting (safe; 4% risk of failure)
Confirm with . or Enter, or press ? or * to list all spells.
You can't see any susceptible monsters within range! (Use Z to cast anyway.) Fire: n) +0 sling
Press: ? - help, Q - select action, (/) - cycle Shift-Dir - straight line, f/p - Grinder
Aim: Grinder (heavily wounded, 50% to hit)
You shoot a sling bullet. The sling bullet hits Grinder.
Grinder is severely wounded.
Casting: Sting (safe; 4% risk of failure)
Confirm with . or Enter, or press ? or * to list all spells.
Aiming: Sting (safe; 4% risk of failure)
Press: ? - help, Shift-Dir - straight line, f/p - Grinder
Aim: Grinder (severely wounded, 68% to hit)
The sting hits Grinder.
Grinder partially resists.
Grinder is poisoned.
Grinder is severely wounded.
Grinder gestures at you. Pain shoots through your body!
* * * LOW HITPOINT WARNING * * *
Casting: Sting (safe; 4% risk of failure)
Confirm with . or Enter, or press ? or * to list all spells.
Aiming: Sting (safe; 4% risk of failure)
Press: ? - help, Shift-Dir - straight line, f/p - Grinder
Aim: Grinder (severely wounded, poisoned, 68% to hit)
The sting misses Grinder.
Grinder gestures at you. You resist with some effort.
Casting: Sting (safe; 4% risk of failure)
Confirm with . or Enter, or press ? or * to list all spells.
Aiming: Sting (safe; 4% risk of failure)
Press: ? - help, Shift-Dir - straight line, f/p - Grinder
Aim: Grinder (severely wounded, poisoned, 68% to hit)
The sting hits Grinder.
Grinder partially resists.
Grinder looks even sicker.
Grinder is severely wounded.
A frilled lizard comes into view.
Found a gold piece.
Found a faded altar of an unknown god.
A ball python comes into view.
Found a gold piece.
The ball python hisses angrily.
The frilled lizard hisses angrily.
Grinder hits you.
You die...

###.....<#
#.....##
#....###
#####......#
##.......##.#
#.......## ..#
##.......# ...
#.5..♣.♣##
#### #@...♣.♣
#.....#♣.♣
#....##♣.♣
......# ♣.♣
..l...... ♣.♣
#.....$~$.#♣.♣
.....S~_~.#
......$~~.#


You could see Grinder (very poisoned), a ball python and a frilled lizard.

Vanquished Creatures
  4 adders (D:2)
  A worm (D:2)
  2 dart slugs
  An endoplasm (D:2)
  2 giant cockroaches
  5 goblins (D:2)
  3 hobgoblins (D:2)
  4 quokkas (D:2)
  6 ball pythons
  4 bats
  5 kobolds (D:2)
  4 rats (D:2)
41 creatures vanquished.

Notes
Turn   | Place    | Note
-------+----------+-------------------------------------------
     0 | D:1      | Alturiack the Spriggan Venom Mage began the quest for the
                  | Orb.
     0 | D:1      | Reached XP level 1. HP: 9/9 MP: 5/5
  1133 | D:2      | Reached XP level 2. HP: 13/13 MP: 1/6
  1449 | D:2      | Reached XP level 3. HP: 12/16 MP: 3/8
  1940 | D:2      | Reached skill level 4 in Poison Magic
  1990 | D:2      | Reached XP level 4. HP: 16/21 MP: 8/10
  2469 | D:3      | Noticed Grinder
  2494 | D:3      | Paralysed by Grinder for 3 turns
  2504 | D:3      | Paralysed by Grinder for 3 turns
  2525 | D:3      | Found a faded altar of an unknown god.
  2527 | D:3      | Slain by Grinder

Illustrated notes

Levels and vault maps discovered:
D:1:      giann_bridges, layout_basic
D:2:      layout_rooms, minmay_divided_ellipse
D:3:      layout_rooms, hangedman_ru_absence, serial_forest,
          infiniplex_forest_split, infiniplex_forest_straight_3,
          infiniplex_forest_clump_small, infiniplex_forest_clump_small,
          infiniplex_forest_split,
          hellmonk_ecumenical_altar_pennies_from_heaven, uniq_grinder

Skill      XL: |  1  2  3 |
---------------+----------+-----
Dodging        | 3 |  3.6
Spellcasting   | 3 |  3.5
Poison Magic   | 4 |  4.1
Ranged Weapons | |  0.8
Stealth        | |  3.0
Transmutations | |  1.3

Action                   |  1- 3 |  4- 6 || total
-------------------------+-------+-------++-------
 Fire: Sling             |    16 |    20 ||    36
 Cast: Sting             |    52 |    15 ||    67
Armor: Robe              |     3 |       ||     3
Dodge: Dodged            |    24 |     5 ||    29
